 Dungeon Crawl Stone Soup version 0.30-a0-528-g8c47a4955b (webtiles) character file.

Game seed: 10017112770555919382

85292 drugrobin the Tortoise (level 14, -2/124 HPs)
             Began as a Demigod Delver on Dec 23, 2022.
             Killed from afar by a deep elf knight (45 damage)
             ... with a shard of ice
             ... on level 1 of the Elven Halls.
             The game lasted 01:10:10 (21928 turns).

drugrobin the Tortoise (Demigod Delver)            Turns: 21928, Time: 01:10:11

Health: -2/124     AC: 46    Str: 29    XL:     14   Next: 98%
Magic:  17/17      EV:  8    Int: 10    God:
Gold:   1383       SH:  3    Dex: 15    Spells: 13/13 levels left

rFire   + + .      SeeInvis +    a - +2 eveningstar (flame)
rCold   . . .      Faith    .    r - +0 buckler
rNeg    + . .      Spirit   .    g - +9 scales of the Dragon King {rPois rF+ rC+ Will+}
rPois   +          Reflect  .    y - +2 helmet
rElec   .          Harm     .    x - +2 cloak
rCorr   .          Rampage  .    O - +2 pair of gloves {Stlth+}
Will    ++...                    N - +1 pair of boots {Stlth+} Stlth
                                 P - amulet of regeneration
HPRegen 1.20/turn                u - ring of the Demon Prince {Fire Drain rPois rN+ Stlth+}
MPRegen 0.15/turn                m - ring of see invisible

@: no status effects
A: high MP 1, forlorn, divine attributes, dopey 1, screaming 1, sturdy frame 1
a: no special abilities


You were on level 1 of the Elven Halls.
You visited 4 branches of the dungeon, and saw 20 of its levels.
You visited the Abyss 1 time.
You also visited: Sewer, Gauntlet and Volcano.

You collected 2534 gold pieces.
You spent 1151 gold pieces at shops.

Inventory:

Hand Weapons
 a - a +2 eveningstar of flaming (weapon)
 b - a +2 dagger of venom
 c - a +3 vorpal hand axe
 d - a +5 flail of draining
 f - a +2 sling of flaming
Missiles
 j - 8 poisoned darts (quivered)
 W - 2 curare-tipped darts
Armour
 g - the +9 scales of the Dragon King (worn) {rPois rF+ rC+ Will+}
   (You found it in a Gauntlet)

   rF:        It protects you from fire.
   rC:        It protects you from cold.
   rPois:     It protects you from poison.
   Will:      It increases your willpower.
 r - a +0 buckler (worn)
 x - a +2 cloak (worn)
 y - a +2 helmet (worn)
 N - a +1 pair of boots of stealth (worn)
 O - a +2 pair of gloves of stealth (worn)
Jewellery
 m - a ring of see invisible (right hand)
 u - the ring of the Demon Prince (left hand) {Fire Drain rPois rN+ Stlth+}
   (You found it in a Gauntlet)

   [ring of fire]

   It enhances your fire magic.
   rF:        It protects you from fire.
   rC:        It makes you vulnerable to cold.
   rPois:     It protects you from poison.
   rN:        It protects you from negative energy.
   Drain:     It drains your maximum health when unequipped.
   Stlth:     It makes you more stealthy.
 B - a +4 ring of protection
 P - an amulet of regeneration (around neck)
Wands
 e - a wand of digging (1)
 i - a wand of quicksilver (6)
 w - a wand of flame (14)
 J - a wand of polymorph (11)
 Q - a wand of iceblast (3)
Scrolls
 h - 2 scrolls of immolation
 o - a scroll of amnesia
 p - 7 scrolls of vulnerability
 z - 9 scrolls of fear
 A - 4 scrolls of fog
 D - a scroll of identify
 F - 2 scrolls of enchant armour
 K - a scroll of enchant weapon
 L - a scroll of poison
 R - a scroll of magic mapping
 S - 3 scrolls of butterflies
Potions
 k - 5 potions of cancellation
 l - a potion of heal wounds
 n - a potion of brilliance
 q - 5 potions of might
 s - 11 potions of curing
 t - 3 potions of lignification
 v - 5 potions of haste
 C - 3 potions of ambrosia
 E - 3 potions of invisibility
 G - 2 potions of mutation {unknown}
 H - 3 potions of resistance
 M - a potion of magic
 T - 9 potions of flight
 U - 3 potions of attraction


   Skills:
 - Level 11.0 Fighting
 - Level 12.0 Maces & Flails
 * Level 19.5 Armour
 - Level 1.7 Dodging
 - Level 4.5 Stealth
 - Level 4.0 Evocations


You had 13 spell levels left.
You didn't know any spells.
Your spell library contained the following spells:

 Spells                   Type           Power      Damage    Failure   Level
 Ensorcelled Hibernation  Hex/Ice        0%         N/A       99%         2
 Passwall                 Tmut/Erth      0%         N/A       99%         2
 Static Discharge         Conj/Air       0%         2-2/arc   99%         2
 Dazzling Flash           Conj/Hex       0%         N/A       100%        3
 Swiftness                Air            0%         N/A       100%        3
 Vhi's Electric Charge    Tloc/Air       0%         N/A       100%        3
 Iskenderun's Mystic Bla  Conj/Tloc      0%         2d3       100%        4
 Arcjolt                  Conj/Air       0%         1d10      100%        5
 Lightning Bolt           Conj/Air       0%         1d11      100%        5
 Starburst                Conj/Fire      0%         6d3       100%        6


Dungeon Overview and Level Annotations

Branches:
Dungeon (11/15)            Temple (0/1) D:7            Lair (5/5) D:9
  Swamp (0/4) Lair:2       Spider (0/4) Lair:2        Slime (0/5) Lair:4
    Orc (2/2) D:10            Elf (2/3) Orc:2         Sewer (visited)
Volcano (visited)         Gauntlet (visited)

Shops:
D:1 :[[*:   D:4 [   D:10 =   Orc:2 [![*:

Portals:
Pandemonium: Orc:2

Annotations:
D:3 Menkaure
D:9 2 transporters, Iich's ghost, journeyman MiFi
D:10 exclusions: centaur and unseen horror


Innate Abilities, Weirdness & Mutations

You have an increased reservoir of magic. (+10% MP)
You shall have no god before yourself.
Your divine heritage dramatically boosts your attributes as you level up.
You are dopey. (Int -2)
You occasionally shout uncontrollably at your foes.
Your movements are slightly less encumbered by armour. (ER -2)


Message History

The deep elf pyromancer mumbles some strange words.
The deep elf pyromancer blinks!
The deep elf archer unwields a +0 longbow.
The deep elf archer wields a +0 dagger.
The deep elf archer hits you but does no damage.
Unknown command.
Unknown command.
You puncture the deep elf archer! You burn the deep elf archer.
The deep elf archer is moderately wounded.
The deep elf zephyrmancer gestures wildly while chanting.
The deep elf zephyrmancer blinks!
Unknown command.
Unknown command.
You bludgeon the deep elf archer!! You burn the deep elf archer!
You kill the deep elf archer!
The deep elf knight casts a spell.
The deep elf knight seems to speed up.
Unknown command.
Unknown command.
You bludgeon the deep elf pyromancer!! You burn the deep elf pyromancer.
The deep elf pyromancer is heavily wounded.
The deep elf knight mumbles some strange words.
The deep elf knight flickers and vanishes for a moment.
The deep elf archer unwields a +0 dagger.
The deep elf archer wields a +0 longbow.
The deep elf archer shoots an arrow.
The arrow closely misses the deep elf knight.
The arrow hits you but does no damage.
The deep elf high priest mumbles some strange prayers to its god against you.
The sphere of damnation explodes!
The damnation engulfs you!!
The damnation engulfs the deep elf knight!!
The damnation engulfs the deep elf pyromancer!!
The deep elf pyromancer dies!
The deep elf demonologist mumbles some strange words.
The deep elf knight shouts!
Unknown command.
Unknown command.
The deep elf knight casts a spell at you.
The shard of ice hits you!!!
You die...

#..#........#.#
#..#...<....#.#
#..#........#.#
#..######'###.#
#......)......#
#....)........#
#........).)..'
#####..###'######.#
#)@.)..#........#.#
#e############..#.#
#2# #..#)#
#e).....e #..'..
#4'..e... ####..
#.#3e#2e# #>..).
#.e...... #....#
#.'..e.. ####.# #.#
.#..# #..#.#


You could see a hell beast (summoned), a deep elf demonologist (empowered), a
deep elf knight (fast, empowered, invisible) and a rust devil (summoned).

Vanquished Creatures
  A lich (Abyss:2)
  A deep elf elementalist (Elf:1)
  A deep elf demonologist (Elf:1)
  A minotaur (Gauntlet)
  Azrael (Orc:1)
  A green death (Abyss:2)
  A blizzard demon (Abyss:2)
  A great orb of eyes (Abyss:2)
  A hydra (Lair:3)
  2 demonspawn (Orc:2)
  3 catoblepae
  6 dancing weapons
  A two-headed ogre (D:10)
  5 orc high priests
  4 deep elf knights
  A sixfirhy (Orc:2)
  Lodul (D:11)
  2 bog bodies (Lair:2)
  9 deep elf archers (Elf:1)
  4 wizards (Volcano)
  2 starcursed masses (Abyss:2)
  10 deep elf zephyrmancers (Elf:1)
  4 orc knights (Orc:2)
  8 deep elf pyromancers (Elf:1)
  7 orc sorcerers (Orc:2)
  A shining eye (Abyss:2)
  A cyclops (Orc:2)
  5 toenail golems (Volcano)
  A manticore (D:11)
  4 black mambas
  A torpor snail (Gauntlet)
  2 minotaur zombies (Gauntlet)
  13 cane toads
  An orange demon (Abyss:2)
  A kobold demonologist (D:11)
  10 rime drakes
  13 komodo dragons
  An ancient zyme (Abyss:2)
  2 trolls
  4 hornets
  5 polar bears
  3 raiju (Abyss:2)
  11 blink frogs
  A jumping spider (Lair:2)
  3 water elementals (Elf:1)
  A wraith (D:11)
  2 wyverns
  A ynoxinul (Orc:2)
  58 yaks
  3 fire elementals
  2 neqoxecs (Abyss:2)
  4 basilisks
  5 large abominations (Abyss:2)
  9 steam dragons
  3 swamp worms (Lair:2)
  3 hell hounds
  2 small abominations (Abyss:2)
  7 water moccasins
  14 ogres
  2 ice beasts
  31 orc warriors
  A sky beast (D:7)
  A black bear (Lair:1)
  12 wolves
  5 centaurs
  2 phantoms
  2 kobold brigands
  8 bullfrogs
  A gnoll sergeant (D:9)
  A necrophage (D:5)
  2 scorpions
  A wight (Abyss:2)
  29 killer bees
  5 howler monkeys
  5 electric eels
  2 jellies
  A hound (D:5)
  19 orc priests
  2 iguanas
  14 orc wizards
  A merfolk avatar (Sewer)
  A merfolk siren (Sewer)
  7 gnolls
  7 adders
  4 river rats
  4 white imps
  An ufetubus (Abyss:2)
  5 dart slugs
  111 orcs
  12 ball pythons
  8 bats
  7 endoplasms
  13 giant cockroaches
  12 goblins
  5 hobgoblins
  2 jackals (D:3)
  7 quokkas
  11 frilled lizards
  19 kobolds
  40 rats
  A bush (Lair:2)
699 creatures vanquished.

Vanquished Creatures (others)
  A deep elf archer (Elf:1)
  A deep elf pyromancer (Elf:1)
  A wizard (Volcano)
  A rime drake (Lair:3)
  3 orcs
  A bush (Lair:2)
  4 fungi
  43 plants
  21 withered plants
76 creatures vanquished.

Grand Total: 775 creatures vanquished

Notes
Turn   | Place    | Note
-------+----------+-------------------------------------------
     0 | D:5      | drugrobin the Demigod Delver began the quest for the Orb.
     0 | D:5      | Reached XP level 1. HP: 18/18 MP: 3/3
   114 | D:5      | Reached XP level 2. HP: 20/25 MP: 4/4
   126 | D:5      | Found a glowing drain.
   168 | D:5      | Reached XP level 3. HP: 11/30 MP: 5/5
   233 | D:5      | Noticed a centaur
   252 | D:5      | HP: 1/30 [centaur (4)]
   253 | D:5      | Killed a centaur
   254 | D:5      | Reached XP level 4. HP: 1/37 MP: 6/6
   349 | Sewer    | Entered a sewer
   823 | Sewer    | Reached skill level 5 in Maces & Flails
   838 | Sewer    | Reached XP level 5. HP: 15/42 MP: 7/7
  1645 | D:4      | Reached XP level 6. HP: 32/50 MP: 8/8
  2350 | D:1      | Found Vorhig's General Store.
  2364 | D:1      | Bought a scroll of identify for 24 gold pieces
  2364 | D:1      | Bought 6 poisoned darts for 28 gold pieces
  2405 | D:1      | Found Teplucud's Book Shop.
  2516 | D:1      | Found Feirosoish's Antique Armour Shop.
  2546 | D:1      | Found Faxkaf's Vocational Training.
  2595 | D:1      | Found Usetruck's Antique Armour Boutique.
  2603 | D:1      | Bought an embroidered robe for 88 gold pieces
  4275 | D:4      | Noticed Menkaure
  4639 | D:4      | Reached XP level 7. HP: 56/56 MP: 9/9
  4756 | D:4      | Found Fumor's Armour Emporium.
  5662 | D:5      | Reached XP level 8. HP: 62/62 MP: 10/10
  5858 | D:6      | Identified the +1 ring mail "Ownauma" {Harm}
  6102 | D:7      | Found a staircase to the Ecumenical Temple.
  6191 | D:7      | Reached skill level 10 in Maces & Flails
  7113 | D:8      | Reached XP level 9. HP: 52/71 MP: 11/11
  7757 | D:9      | Reached skill level 1 in Evocations
  7784 | D:9      | Found a transporter.
  7792 | D:9      | Noticed Iich's ghost (journeyman MiFi)
  7794 | D:9      | Noticed a deep elf zephyrmancer
  7798 | D:9      | Noticed a centaur warrior
  7804 | D:9      | Paralysed by a hornet for 2 turns
  7910 | D:9      | Found a transporter.
  8161 | D:9      | Found a staircase to the Lair.
  8162 | D:9      | Noticed a komodo dragon
  8396 | D:9      | Reached skill level 5 in Fighting
  8636 | D:10     | Entered Level 10 of the Dungeon
  8636 | D:10     | Found Wemole's Jewellery Boutique.
  8639 | D:10     | Bought a ring of poison resistance for 260 gold pieces
  8746 | D:10     | Noticed an unseen horror
  9123 | D:10     | Reached XP level 10. HP: 83/83 MP: 13/13
  9336 | D:10     | Noticed a two-headed ogre
  9346 | D:10     | Killed a two-headed ogre
  9729 | D:10     | Found a staircase to the Orcish Mines.
  9771 | Orc:1    | Entered Level 1 of the Orcish Mines
  9879 | D:11     | Found a gate leading to a gauntlet.
  9924 | D:11     | Noticed a manticore
  9935 | D:11     | Killed a manticore
 10173 | Gauntlet | Entered a Gauntlet
 10173 | Gauntlet | Found a transporter.
 10182 | Gauntlet | Found the +9 scales of the Dragon King {rPois rF+ rC+
                  | Will+}
 10186 | Gauntlet | Found a transporter.
 10197 | Gauntlet | Found a transporter.
 10202 | Gauntlet | Found a transporter.
 10204 | Gauntlet | Noticed a blizzard demon
 10217 | Gauntlet | Found a transporter.
 10236 | Gauntlet | Found a transporter.
 10245 | Gauntlet | Noticed a catoblepas
 10248 | Gauntlet | Found a transporter.
 10255 | Gauntlet | Noticed a quicksilver ooze
 10260 | Gauntlet | Found a transporter.
 10268 | Gauntlet | Noticed an elephant
 10272 | Gauntlet | Found a transporter.
 10273 | Gauntlet | Noticed a dire elephant
 10273 | Gauntlet | Noticed an elephant
 10275 | Gauntlet | Noticed an elephant
 10284 | Gauntlet | Found a transporter.
 10284 | Gauntlet | Noticed a reaper
 10301 | Gauntlet | Found a transporter.
 10301 | Gauntlet | Found a transporter.
 10321 | Gauntlet | Found a transporter.
 10343 | Gauntlet | Found a transporter.
 10367 | Gauntlet | Found a transporter.
 10444 | Gauntlet | Found a transporter.
 10446 | Gauntlet | Found a runed translucent gate.
 10446 | Gauntlet | Found a runed translucent gate.
 10446 | Gauntlet | Found a runed translucent gate.
 10446 | Gauntlet | Noticed a soul eater
 10454 | Gauntlet | Found a large runed translucent door.
 10454 | Gauntlet | Found a large runed translucent door.
 10454 | Gauntlet | Found a large runed translucent door.
 10454 | Gauntlet | Found a large runed translucent door.
 10455 | Gauntlet | Found a large runed translucent door.
 10455 | Gauntlet | Found a large runed translucent door.
 10456 | Gauntlet | Found a large runed translucent door.
 10456 | Gauntlet | Found a large runed translucent door.
 10457 | Gauntlet | Found a large runed translucent door.
 10457 | Gauntlet | Found a large runed translucent door.
 10457 | Gauntlet | Found a runed translucent door.
 10457 | Gauntlet | Found a runed translucent door.
 10458 | Gauntlet | Found a large runed translucent door.
 10459 | Gauntlet | Found a large runed translucent door.
 10465 | Gauntlet | Noticed a torpor snail
 10468 | Gauntlet | Found a large runed translucent door.
 10468 | Gauntlet | Found a large runed translucent door.
 10469 | Gauntlet | Found a large runed translucent door.
 10470 | Gauntlet | Found a large runed translucent door.
 10470 | Gauntlet | Found a transporter.
 10472 | Gauntlet | Found a transporter.
 10675 | Gauntlet | Killed a torpor snail
 10843 | Gauntlet | Identified the ring of the Demon Prince {Fire Drain rPois
                  | rN+ Stlth+}
 10862 | Gauntlet | Killed a catoblepas
 10863 | Gauntlet | Reached skill level 10 in Fighting
 10928 | Gauntlet | Noticed a minotaur
 10982 | Gauntlet | Killed a minotaur
 11013 | Gauntlet | Reached XP level 11. HP: 58/101 MP: 14/14
 11356 | D:11     | Reached skill level 1 in Armour
 11366 | D:11     | Reached skill level 2 in Armour
 11406 | D:11     | Reached skill level 3 in Armour
 11406 | D:11     | Noticed Lodul
 11416 | D:11     | Killed Lodul
 11417 | D:11     | Reached skill level 4 in Armour
 12026 | D:11     | Noticed a sixfirhy
 12037 | D:11     | Noticed a sun demon
 12038 | D:11     | Reached skill level 5 in Armour
 12223 | Lair:1   | Entered Level 1 of the Lair of Beasts
 12304 | Lair:1   | Reached skill level 6 in Armour
 12489 | Lair:1   | Reached skill level 7 in Armour
 12835 | Lair:1   | Reached skill level 8 in Armour
 13344 | Lair:2   | Found a hole to the Spider Nest.
 13378 | Lair:2   | Reached skill level 9 in Armour
 13388 | Lair:2   | Reached XP level 12. HP: 97/110 MP: 15/15
 13504 | Lair:2   | Reached skill level 10 in Armour
 13927 | Lair:2   | Found a staircase to the Swamp.
 14186 | Lair:2   | Reached skill level 11 in Armour
 14338 | Lair:2   | Reached skill level 12 in Armour
 14747 | Lair:3   | Noticed a four-headed hydra
 14759 | Lair:3   | Killed a four-headed hydra
 15389 | Lair:4   | Noticed a catoblepas
 15397 | Lair:4   | Killed a catoblepas
 15575 | Lair:4   | Reached skill level 13 in Armour
 15774 | Lair:4   | Noticed a catoblepas
 15793 | Lair:4   | Killed a catoblepas
 15794 | Lair:4   | Reached XP level 13. HP: 103/116 MP: 16/16
 15807 | Lair:4   | Found a staircase to the Slime Pits.
 16111 | Lair:4   | Reached skill level 14 in Armour
 16404 | Lair:5   | Entered Level 5 of the Lair of Beasts
 16471 | Lair:5   | Found a dark tunnel.
 16503 | Volcano  | Entered a volcano
 16777 | Volcano  | Reached skill level 15 in Armour
 17348 | Lair:5   | Noticed a dire elephant
 17348 | Lair:5   | Noticed a dire elephant
 17348 | Lair:5   | Noticed a dire elephant
 17557 | Orc:2    | Entered Level 2 of the Orcish Mines
 17557 | Orc:2    | Found a staircase to the Elven Halls.
 17558 | Orc:2    | Found Atowi's Antique Armour Boutique.
 17599 | Orc:2    | Noticed Azrael
 18195 | Orc:1    | Killed Azrael
 18463 | Orc:2    | Reached skill level 16 in Armour
 18539 | Orc:2    | Found Feyczikk's General Store.
 18689 | Orc:2    | Found Lalitivu's Distillery.
 18845 | Orc:2    | Bought a potion of resistance for 180 gold pieces
 18845 | Orc:2    | Bought a potion of magic for 144 gold pieces
 18845 | Orc:2    | Bought a potion of degeneration for 18 gold pieces
 18845 | Orc:2    | Bought 2 potions of attraction for 108 gold pieces
 18845 | Orc:2    | Bought a potion of invisibility for 144 gold pieces
 19246 | Orc:2    | Reached XP level 14. HP: 124/124 MP: 17/17
 19386 | Orc:2    | Found Yfyaru's Book Shop.
 19386 | Orc:2    | Found Biryeqitt's Antique Armour Boutique.
 19386 | Orc:2    | Found a one-way gate leading to the halls of Pandemonium.
 19544 | Orc:2    | Reached skill level 17 in Armour
 19576 | Orc:2    | Bought a pair of runed gloves for 157 gold pieces
 19679 | Elf:1    | Entered Level 1 of the Elven Halls
 20150 | Abyss:2  | Cast into level 2 of the Abyss (a deep elf demonologist)
 20303 | Abyss:2  | Reached skill level 18 in Armour
 20332 | Abyss:2  | Noticed a bone dragon
 20481 | Abyss:2  | Noticed a lich
 20494 | Abyss:2  | Killed a lich
 20592 | Abyss:2  | Gained mutation: You occasionally shout uncontrollably at
                  | your foes. [a neqoxec]
 20644 | Abyss:2  | Gained mutation: Your movements are slightly less
                  | encumbered by armour. (ER -2) [a shining eye]
 20645 | Abyss:2  | Gained mutation: You are dopey. (Int -2) [a shining eye]
 20652 | Abyss:2  | Noticed a tentacled starspawn
 20681 | Elf:1    | Escaped the Abyss
 20683 | Elf:1    | Noticed a cacodemon
 20734 | Elf:1    | Noticed a deep elf elementalist
 20743 | Elf:1    | Killed a deep elf elementalist
 21108 | Elf:1    | Reached skill level 19 in Armour
 21928 | Elf:1    | Killed from afar by a deep elf knight

Illustrated notes

Levels and vault maps discovered:
D:1:      dpeg_arrival_subterranean_lakeside_camping, layout_rooms,
          serial_shops, shop, shop, nicolae_shop_stone,
          nicolae_shop_overgrown_old_shop, nicolae_shop_vocational
D:2:      layout_loops_ring, ebering_ecumenical_altar_box, corner_web_ring,
          kennysheep_big_empty_room, st_stairs_5, serial_bayou_pond_d,
          minmay_domino_4
D:3:      layout_basic, grunt_ministairs_13
D:4:      layout_basic, serial_shops, kennysheep_mini, minmay_close_crescents,
          uniq_menkaure
D:5:      layout_loops_ring, nemelex_xobeh_ov_fountains_minmay,
          portal_sewer_entry_e
D:6:      layout_rooms
D:7:      layout_rooms, temple_pool_b
D:8:      layout_loops_ring, nicolae_overflow_crystal_walls
D:9:      layout_loops_ring, mainiacjoe_overflow_big_doors, david_lair_shrubbed,
          gammafunk_ghost_arena
D:10:     layout_roguey [special_room_orc], david_orc_5, serial_shops,
          nicolae_stop_n_shop_1, kennysheep_pointless_box, minmay_crystal_water
D:11:     layout_loops_corners, gauntlet_entry_generic, uniq_lodul
Lair:1:   layout_roguey, pdpol_lair_cavern_descent, grunt_megastairs_4
Lair:2:   layout_loops_ring, nicolae_swamp_entry_splash_gauntlet,
          spider_nest_entry_rubble, basic_altar, serial_forest,
          infiniplex_forest_straight_1, infiniplex_forest_join,
          infiniplex_forest_lined_2, infiniplex_forest_lined_corner,
          infiniplex_forest_straight_2, infiniplex_forest_clump_curved,
          infiniplex_forest_lined_4_way, infiniplex_forest_diagonal,
          infiniplex_forest_clump_curved, infiniplex_forest_clump_large,
          serial_bayou_shore_a
Lair:3:   layout_cave_pods, bobbens_dragon_lair_wall
Lair:4:   layout_cellular_growth, slime_entry_1, beast_lair_carwin_10
Lair:5:   due_jungle_book, layout_gridlike, enter_volcano_3
Orc:1:    layout_caves, basic_altar
Orc:2:    pf_orc_diabolical, layout_caves, serial_shops, shop, special_room,
          mines_bat_river, uniq_azrael
Elf:1:    layout_onion_city, orc_legates, item_on_display_a
Elf:2:    elven_hall_of_blades_hangedman_alternative
          [nicolae_blade_entry_pointy_end], layout_loops_cross,
          nicolae_stop_n_shop_1, lemuel_upstairs_altar

Skill      XL: |  1  2  3  4  5  6  7  8  9 10 11 12 13 14 |
---------------+-------------------------------------------+-----
Maces & Flails | 2 3 4 5 6 7 9 11 12 | 12.0
Fighting       | 4 6 10 11 | 11.0
Evocations     | 4 |  4.0
Armour         | 9 13 16 19 | 19.5
Dodging        | |  1.7
Stealth        | |  4.5

Action                   |  1- 3 |  4- 6 |  7- 9 | 10-12 | 13-15 || total
-------------------------+-------+-------+-------+-------+-------++-------
Melee: Mace              |    53 |   182 |   374 |   257 |       ||   866
       Punch             |     1 |     3 |       |       |       ||     4
       Hand axe          |       |   138 |       |    80 |    44 ||   262
       Dagger            |       |       |     8 |    36 |       ||    44
       Flail             |       |       |       |   550 |   216 ||   766
       Eveningstar       |       |       |       |       |   823 ||   823
 Fire: Sling             |       |       |       |     3 |       ||     3
Throw: Dart              |     4 |     7 |    10 |     9 |     2 ||    32
       Throwing net      |       |     1 |       |       |       ||     1
       Boomerang         |       |       |    37 |     7 |       ||    44
Evoke: Wand              |       |       |       |     1 |       ||     1
  Use: Potion            |     2 |     1 |       |     1 |     2 ||     6
       Scroll            |       |     6 |     4 |    10 |     3 ||    23
 Stab: Sleeping          |     1 |    17 |     9 |       |       ||    27
       Distracted        |       |     1 |     3 |     1 |       ||     5
       Held in net/web   |       |     1 |       |       |       ||     1
Armor: Leather armour    |    18 |    55 |       |       |       ||    73
       Plate armour      |       |    36 |       |       |       ||    36
       Robe              |       |    13 |   146 |    66 |       ||   225
       Gold dragon scale |       |       |       |   730 |  1046 ||  1776
Dodge: Dodged            |    48 |   185 |   214 |   243 |   416 ||  1106
Block: Buckler           |       |     1 |    59 |   136 |   139 ||   335

Table legend: (Time is in decaauts)
 A = Elapsed time spent in this place.
 B = Non-inter-level travel time spent in this place.
 C = Inter-level travel time spent in this place.
 D = Time resting spent in this place.
 E = Time spent auto-exploring this place.
 F = Levels seen in this place.
 G = Mean time per level.
                   A        B        C        D        E       F      G
               +--------+--------+--------+--------+--------+-----+--------+
         Total |  21881 |  20885 |    996 |   2073 |  11409 |  24 |  911.7 |
       Dungeon |  10173 |   9493 |    680 |    642 |   5913 |  11 |  924.8 |
          Lair |   4811 |   4582 |    229 |     60 |   3225 |   5 |  962.2 |
  Orcish Mines |   2159 |   2072 |     87 |    165 |    968 |   2 | 1079.5 |
   Elven Halls |   1704 |   1704 |      0 |    546 |    587 |   2 |  852.0 |
         Abyss |    524 |    524 |      0 |     10 |     28 |   1 |  524.0 |
         Sewer |   1273 |   1273 |      0 |    564 |    226 |   1 | 1273.0 |
       Volcano |    349 |    349 |      0 |      0 |    166 |   1 |  349.0 |
      Gauntlet |    885 |    885 |      0 |     86 |    295 |   1 |  885.0 |
               +--------+--------+--------+--------+--------+-----+--------+

Top non-repeatable levels by time:
   Orc:2: 1641 daAuts
   Elf:1: 1511 daAuts
    D:11: 1373 daAuts
   Sewer: 1273 daAuts
     D:5: 1233 daAuts
    D:10: 1214 daAuts
  Lair:2: 1093 daAuts
  Lair:3: 1087 daAuts
     D:9: 1052 daAuts
     D:4: 1033 daAuts
  Lair:4: 1024 daAuts
  Lair:1: 995 daAuts
     D:8: 968 daAuts
Gauntlet: 885 daAuts
     D:3: 792 daAuts
